 Dungeon Crawl Stone Soup version 0.25-b1-23-ge2ad7d536c (webtiles) character file.

Game seed: 13096731410788114560, levelgen mode: deterministic

1762 Kahsius the Cleaver (level 8, 0/73 HPs)
             Began as a Minotaur Berserker on June 3, 2020.
             Was a Believer of Trog.
             Slain by an ogre
             ... wielding a +0 giant club
              (12 damage)
             ... on level 6 of the Dungeon.
             The game lasted 00:14:51 (4268 turns).

Kahsius the Cleaver (Minotaur Berserker)            Turns: 4268, Time: 00:14:52

Health: 0/73       AC: 10    Str: 22    XL:     8   Next: 79%
Magic:  7/7        EV: 10    Int:  4    God:    Trog [**....]
Gold:   162        SH:  0    Dex: 12    Spells: 7/7 levels left

rFire    . . .     SeeInvis +   f - +1 war axe
rCold    . . .     Gourm    .   (no shield)
rNeg     . . .     Faith    .   b - +0 scale mail
rPois    .         Spirit   .   (helmet restricted)
rElec    .         Reflect  .   u - +2 cloak
rCorr    .         Harm     .   (no gloves)
MR       .....                  n - +0 pair of boots
Stlth    +.........             (no amulet)
HPRegen  0.22/turn              g - ring of see invisible
MPRegen  0.10/turn              (no ring)

@: about to teleport, berserk cooldown, slowed, very slow
A: retaliatory headbutt, horns 2
a: Berserk, Trog's Hand, Renounce Religion


You were on level 6 of the Dungeon.
You worshipped Trog.
Trog was pleased with you.
You were hungry.

You visited 1 branch of the dungeon, and saw 6 of its levels.

You collected 237 gold pieces.
You spent 75 gold pieces at shops.

Inventory:

Hand Weapons
 f - a +1 war axe (weapon)
Armour
 b - a +0 scale mail (worn)
 n - a +0 pair of boots (worn)
 u - a +2 cloak (worn)
Jewellery
 g - a ring of see invisible (left hand)
 s - an uncursed amulet of the acrobat {unknown}
Wands
 m - a wand of flame (28)
 p - a wand of enslavement (7)
Scrolls
 d - 14 scrolls of identify
 e - 5 scrolls of remove curse
 h - a scroll of fear
 l - 3 scrolls of teleportation
 v - 2 scrolls of enchant armour
Potions
 a - a potion of berserk rage {unknown}
 j - 3 potions of curing {unknown}
 k - 2 potions of mutation {unknown}
 o - 2 potions of stabbing {unknown}
 q - a potion of degeneration {unknown}
 A - a potion of flight {unknown}
Comestibles
 c - 7 rations


   Skills:
 + Level 7.4 Fighting
 + Level 11.8 Axes
 - Level 2.4 Armour
 - Level 2.1 Dodging
 + Level 2.1 Stealth


You had 7 spell levels left.
You didn't know any spells.
Your spell library was empty.

Dungeon Overview and Level Annotations

Branches:
Dungeon (6/15)
 Temple: D:4-7

Altars:
Kikubaaqudgha
Nemelex Xobeh

Shops:
D:5 ?


Innate Abilities, Weirdness & Mutations

You reflexively headbutt those who attack you in melee.
You have a pair of horns on your head.


Message History

You barely miss the adder.
You are no longer berserk.
You are exhausted.
You feel yourself slow down.
The worker ant waves its antennae.
The centaur hits you but does no damage.
The adder bites you but does no damage.
You slash the centaur!
You kill the centaur!
Trog accepts your kill.
You slash the adder! The adder bites you but does no damage.
The bullfrog hits you.
* * * LOW HITPOINT WARNING * * *
The bullfrog hits you but does no damage.
The adder bites you but does no damage.
As you read the scroll of teleportation, it crumbles to dust.
You feel strangely unstable. The bullfrog hits you.
* * * LOW HITPOINT WARNING * * *
The ogre hits you with a +0 giant club!
You die...

#...#....#
#......#.#
######.#.#
######.#.#
#...(#.#.#
#...†((#.#
#≈#......#.#
......OS.#.#
.......@.#.#
...#+###F#
.. #a# . #?#
... .. ..#
..#


You could see an ogre, a bullfrog, a worker ant and an adder.

Vanquished Creatures
  Grinder (D:4)
  Sigmund (D:4)
  Eustachio (D:5)
  Menkaure (D:4)
  Edmund (D:4)
  A sky beast (D:6)
  An ogre (D:5)
  A centaur (D:6)
  A phantom (D:4)
  A bullfrog (D:6)
  3 scorpions
  A water moccasin skeleton (D:6)
  A howler monkey (D:5)
  A crimson imp (D:5)
  5 orc wizards
  An iguana (D:5)
  Terence (D:2)
  2 worker ants (D:4)
  Robin (D:4)
  5 adders
  2 adder skeletons
  2 worms
  5 leopard geckos
  5 orcs
  A ball python (D:4)
  9 giant cockroaches
  13 goblins
  2 hobgoblins
  6 kobolds
  A quokka (D:3)
  6 bats
  3 frilled lizards
  3 rats
89 creatures vanquished.

Notes
Turn   | Place    | Note
-------+----------+-------------------------------------------
     0 | D:1      | Kahsius the Minotaur Berserker began the quest for the Orb.
     0 | D:1      | Reached XP level 1. HP: 19/19 MP: 0/0
   426 | D:1      | Reached skill level 4 in Axes
   449 | D:1      | Reached XP level 2. HP: 27/27 MP: 1/1
   943 | D:2      | Reached XP level 3. HP: 33/33 MP: 2/2
  1019 | D:2      | Noticed Terence
  1030 | D:2      | Killed Terence
  1460 | D:2      | Reached skill level 5 in Axes
  1564 | D:2      | Reached XP level 4. HP: 32/41 MP: 3/3
  1897 | D:3      | Reached ** piety under Trog
  2047 | D:3      | Reached skill level 5 in Fighting
  2047 | D:3      | Reached XP level 5. HP: 47/48 MP: 4/4
  2421 | D:4      | Reached skill level 6 in Axes
  2430 | D:4      | Noticed Grinder
  2441 | D:4      | Killed Grinder
  2441 | D:4      | Reached skill level 7 in Axes
  2441 | D:4      | Reached skill level 1 in Stealth
  2441 | D:4      | Reached XP level 6. HP: 39/56 MP: 5/5
  2523 | D:4      | Noticed Robin
  2559 | D:4      | Killed Robin
  2692 | D:4      | Reached skill level 8 in Axes
  2794 | D:4      | Noticed Menkaure
  2802 | D:4      | Killed Menkaure
  2802 | D:4      | Reached XP level 7. HP: 55/62 MP: 6/6
  2810 | D:4      | Noticed Sigmund
  2823 | D:4      | Killed Sigmund
  2823 | D:4      | Reached skill level 9 in Axes
  3023 | D:4      | Noticed Edmund
  3042 | D:4      | Killed Edmund
  3351 | D:4      | Reached skill level 10 in Axes
  3576 | D:5      | Entered Level 5 of the Dungeon
  3587 | D:5      | Reached XP level 8. HP: 54/71 MP: 7/7
  4057 | D:5      | Noticed Eustachio
  4072 | D:5      | Killed Eustachio
  4072 | D:5      | Reached skill level 11 in Axes
  4117 | D:5      | Found a sparkling altar of Nemelex Xobeh.
  4118 | D:5      | Found Heseucu's Magic Scroll Shoppe.
  4125 | D:5      | Bought a scroll of enchant armour for 75 gold pieces
  4134 | D:5      | Found an ancient bone altar of Kikubaaqudgha.
  4268 | D:6      | Slain by an ogre

Illustrated notes

Levels and vault maps discovered:
D:1:      psy_arrival_radial01, layout_loops_ring,
          minmay_misc_feat_four_crosses, minmay_unequal
D:2:      layout_rooms, kennysheep_pointless_box, uniq_terence
D:3:      layout_rooms
D:4:      layout_gridville, first_ration, uniq_menkaure, uniq_robin,
          uniq_edmund, uniq_sigmund, uniq_grinder
D:5:      layout_basic, kennysheep_mini_moat, nemelex_xobeh_ov_fountains_minmay,
          serial_shops, shop, hex_tiny, minmay_circle_x, uniq_eustachio
D:6:      layout_basic, minmay_temple_entry_overgrown, portal_sewer_entry_d

Skill      XL: |  1  2  3  4  5  6  7  8 |
---------------+-------------------------+-----
Fighting       | 4 5 6 7 |  7.4
Axes           | 4 5 7 8 10 11 | 11.8
Stealth        | 1 2 |  2.1
Armour         | |  2.4
Dodging        | |  2.1

Action                   |  1- 3 |  4- 6 |  7- 9 || total
-------------------------+-------+-------+-------++-------
Melee: Hand axe          |    15 |       |       ||    15
       War axe           |    23 |    75 |   104 ||   202
       Headbutt          |     3 |    14 |    24 ||    41
Invok: Berserk           |     1 |     1 |     2 ||     4
       Trog's Hand       |       |     2 |     2 ||     4
  Use: Scroll            |       |     4 |     8 ||    12
  Eat: Chunk             |     3 |     5 |     7 ||    15
Armor: Animal skin       |     4 |     4 |       ||     8
       Scale mail        |       |    25 |    57 ||    82
       Ring mail         |       |     1 |       ||     1
Dodge: Dodged            |    25 |    36 |    55 ||   116
